 Dungeon Sprint DCSS version 0.31-a0-435-g2c6fae2916 (webtiles) character file.

Game seed: 13694999746085404133

23 rocky1 the Changeling (level 2, 0/23 HPs)
             Began as a Draconian Shapeshifter on Aug 2, 2023.
             Was an Initiate of Gozag.
             Slain by an orc
             ... wielding a +0 flail
              (3 damage)
             ... in the Dungeon (Sprint VII: "The Pits").
             The game lasted 00:00:28 (307 turns).

rocky1 the Changeling (Draconian Shapeshifter)       Turns: 307, Time: 00:00:29

Health: 0/23       AC:  4    Str: 17    XL:     2   Next: 75%
Magic:  2/2        EV: 12    Int:  8    God:    Gozag
Gold:   369        SH:  0    Dex: 11    Spells: 1/1 levels left

rFire   . .          .
                       - Unarmed
rCold   . . .        (no shield)
rNeg    . . .        (body armour unavailable)
rPois   .            (helmet currently unavailable)
rElec   .            (cloak currently unavailable)
rCorr   .            (gloves currently unavailable)
SInv    .            (boots currently unavailable)
Will    .....        (no amulet)
Stlth   +            (no ring)
HPRegen 0.23/turn    (no ring)
MPRegen 0.08/turn

%: no teleportation
@: beast-form, gold aura
A: beast (slay +3), AC +4, unfitting armour, cold-blooded
a: Begin Untransformation, Renounce Religion, Potion Petition, Call Merchant,
Bribe Branch


You were in the Dungeon.
You worshipped Gozag.
Gozag was aware of your devotion.
You were a hulking beast.
You visited 1 branch You collected 369 gold pieces.

Inventory:

Talismans
 b - a beast talisman (active)
Scrolls
 h - a scroll of blinking
 j - 5 scrolls of amnesia
 k - a scroll of summoning
Potions
 a - a potion of lignification
 c - a potion of curing
 d - a potion of heal wounds
 e - a potion of haste
 f - 4 potions of magic
 g - 3 potions of berserk rage
 i - 2 potions of invisibility


   Skills:
 + Level 1.2 Fighting
 + Level 2.1 Dodging
 + Level 4.3 Unarmed Combat
 + Level 4.7 Shapeshifting


You had one spell level left.
You didn't know any spells.
Your spell library was empty.

Dungeon Overview and Level Annotations

Branches:
Dungeon (1/1)

Altars:
Ashenzari
Cheibriados
Dithmenos
Elyvilon
Fedhas
Gozag
Hepliaklqana
Kikubaaqudgha
Makhleb
Nemelex Xobeh
Okawaru
Qazlal
Ru
Sif Muna
Trog
Uskayaw
Vehumet
Wu Jian
Xom
Yredelemnul
Zin
The Shining One
Jiyva
Lugonu


Innate Abilities, Weirdness & Mutations

You are a hulking beast.
Your limbs bulge with bestial killing power. (Slay +3)
Your plain brown scales are hard. (AC +4)
You cannot fit into any form of body armour.
You are cold-blooded and may be slowed by cold attacks.


Message History

You hit the jackal.
The jackal is heavily wounded.
The bat barely misses you.
You barely miss the jackal.
The jackal is heavily wounded.
The bat misses you. The jackal barely misses you. The jackal bites you.
The bat hits you but does no damage. The jackal bites you.
You punch the jackal!
You kill the jackal!
The bat barely misses you. The bat hits you but does no damage.
The jackal misses you. The jackal bites you.
You hit the jackal. You tail-slap the jackal.
You kill the jackal!
The bat hits you but does no damage.
The ball python is distracted by your dazzling golden aura.
The ball python hisses angrily.
You hit the bat.
Your tail-slap misses the bat.
The bat is severely wounded.
The bat barely misses you.
You hit the bat.
You kill the bat!
The orc hits you with a +0 flail.
You barely miss the orc. The orc hits you with a +0 flail.
You are too injured to fight recklessly!
You are too injured to fight recklessly!
You are too injured to fight recklessly!
You barely miss the orc. You tail-slap the orc.
The orc is lightly wounded.
The orc completely misses you.
You closely miss the orc. You tail-slap the orc.
The orc is severely wounded.
The ball python is no longer distracted by gold.
The orc hits you with a +0 flail.
* * * LOW HITPOINT WARNING * * *
You closely miss the orc.
The orc is severely wounded.
The ball python is distracted by your dazzling golden aura.
The orc hits you with a +0 flail.
You die...
Your body crumbles into a pile of gold.

##########'##...........
#.?(.')))'.##......#..#.
##########.##...........
#...........'...........
#+#####'#####......#..#.
#.).).##...........
#####'#####'#####++
#.$...##.......#
#.$h..##.......#
###o####.......# .S.
#...<...# .....
#.......#
......##.......#
#########.......#
#########


You could see an orc and a ball python (unaware).

Vanquished Creatures
  A gnoll (D)
  A bat (D)
  A bat skeleton (D)
  A hobgoblin (D)
  6 jackals (D)
  A kobold (D)
11 creatures vanquished.

Notes
Turn   | Place    | Note
-------+----------+-------------------------------------------
     0 | D        | rocky1 the Draconian Shapeshifter began the quest for the
                  | Orb.
     0 | D        | Reached XP level 1. HP: 16/16 MP: 1/1
    51 | D        | Found a bloodstained altar of Trog.
    51 | D        | Found a shimmering blue altar of Sif Muna.
    51 | D        | Found a viscous altar of Jiyva.
    51 | D        | Found a hazy altar of Hepliaklqana.
    51 | D        | Found an opulent altar of Gozag.
    52 | D        | Found a glowing golden altar of the Shining One.
    52 | D        | Found a glowing silver altar of Zin.
    52 | D        | Found a basalt altar of Yredelemnul.
    52 | D        | Found a shimmering altar of Xom.
    52 | D        | Found an ornate altar of the Wu Jian Council.
    52 | D        | Found a sacrificial altar of Ru.
    52 | D        | Found a stormy altar of Qazlal.
    52 | D        | Found an iron altar of Okawaru.
    52 | D        | Found a sparkling altar of Nemelex Xobeh.
    52 | D        | Found a burning altar of Makhleb.
    52 | D        | Found a blossoming altar of Fedhas.
    52 | D        | Found a white marble altar of Elyvilon.
    52 | D        | Found a shadowy altar of Dithmenos.
    52 | D        | Found a snail-covered altar of Cheibriados.
    55 | D        | Found a corrupted altar of Lugonu.
    55 | D        | Found a radiant altar of Vehumet.
    56 | D        | Found an ancient bone altar of Kikubaaqudgha.
    56 | D        | Found a hide-covered altar of Uskayaw.
    56 | D        | Found a broken altar of Ashenzari.
    59 | D        | Became a worshipper of Gozag Ym Sagoz the Greedy
    97 | D        | Reached XP level 2. HP: 4/23 MP: 2/2
   307 | D        | Slain by an orc

Illustrated notes

Levels and vault maps discovered:
D:        pitsprint [storerooms_1, entrance_room_1, metal_vault_6, armoury_2,
          mini_pit_1, grid_room_1, main_hall_1, silver_pit, the_coven_3,
          the_vestibule_1, steel_vault_2, golden_pit, hallway_of_sentries,
          crystal_vault_3, iron_vault_4, final_vault]

Skill      XL: |  1 |
---------------+----+-----
Dodging        | 2 |  2.1
Unarmed Combat | 4 |  4.3
Shapeshifting  | 4 |  4.7
Fighting       | |  1.2

Action                     || total
---------------------------++-------
  Melee: Unarmed           ||    33
         Tailslap          ||     4
 Armour: Skin              ||    11
  Dodge: Dodged            ||    21

Table legend: (Time is in decaauts)
 A = Elapsed time spent in this place.
 B = Non-inter-level travel time spent in this place.
 C = Inter-level travel time spent in this place.
 D = Time resting spent in this place.
 E = Time spent auto-exploring this place.
 F = Levels seen in this place.
 G = Mean time per level.
                   A        B        C        D        E       F      G
               +--------+--------+--------+--------+--------+-----+--------+
         Total |    304 |    304 |      0 |    181 |      0 |   1 |  304.0 |
       Dungeon |    304 |    304 |      0 |    181 |      0 |   1 |  304.0 |
               +--------+--------+--------+--------+--------+-----+--------+

Top non-repeatable levels by time:
       D: 304 daAuts
